[Event "January 9 Late 2024"]
[Site "https://www.chess.com"]
[Date "2024.01.09"]
[Round "11"]
[White "Gerbelli Neto, Eduardo"]
[Black "Ottosen, David"]
[Result "0-1"]
[Board "107"]
[TimeControl "180+1"]
[WhiteFideId "2103281"]
[BlackFideId "2603080"]
[WhiteElo "2366"]
[BlackElo "2172"]
[WhiteTeam "BRA"]
[BlackTeam "CAN"]
[WhiteClock "0:00:00"]
[BlackClock "0:01:28"]

1. e4 e6 2. d4 d5 3. Nc3 Bb4 4. Ne2 Nf6 5. Bg5 dxe4 6. a3 Be7 7. Bxf6 Bxf6 8. Nxe4 Bd7 9. Nxf6+ Qxf6 10. Ng3 Bc6 11. Qd2 O-O 12. O-O-O Nd7 13. f3 Rfd8 14. Ne4 Qe7 15. h4 Nf6 16. Bd3 Nxe4 17. Bxe4 Bxe4 18. fxe4 c5 19. d5 exd5 20. exd5 Rd6 21. h5 h6 22. Rhe1 Qd7 23. c4 a6 24. Re5 b5 25. b3 bxc4 26. bxc4 Rb8 27. Rde1 Qa4 28. Qc3 Rdb6 29. Re7 Rb1+ 30. Kd2 R8b2+ 31. Kd3 Rxe1 32. Qxe1 Qb3+ 33. Qc3 Qd1+ 34. Ke4 Re2+ 35. Kf4 Rxe7 0-1

[Event "January 9 Late 2024"]
[Site "https://www.chess.com"]
[Date "2024.01.09"]
[Round "11"]
[White "Ghosh, Chanchal Kumer"]
[Black "Albuquerque Junior,Wellington S."]
[Result "1-0"]
[Board "108"]
[TimeControl "180+1"]
[WhiteFideId "10201858"]
[BlackFideId "2151480"]
[WhiteElo "2143"]
[BlackElo "2360"]
[WhiteTeam "BAN"]
[BlackTeam "BRA"]
[WhiteClock "0:00:05"]
[BlackClock "0:00:00"]

1. e4 c5 2. Nf3 d6 3. d4 cxd4 4. Nxd4 Nf6 5. Nc3 Nc6 6. Be2 e5 7. Nb3 Be7 8. Be3 O-O 9. O-O Be6 10. f4 exf4 11. Bxf4 Ne5 12. Kh1 Rc8 13. Nd4 Qb6 14. Rb1 Ng6 15. Bg3 a6 16. Nf5 Bxf5 17. exf5 Ne5 18. Bh4 Qd8 19. Bxf6 Bxf6 20. Nd5 Re8 21. c3 b5 22. a4 Nc4 23. axb5 axb5 24. Bxc4 bxc4 25. Qg4 Rc5 26. Rbd1 Re5 27. Nxf6+ Qxf6 28. h3 h6 29. Rf3 Rxf5 30. Rxf5 Qxf5 31. Qxf5 Rxf5 32. Rxd6 Rb5 33. Rd2 f5 34. Kg1 Kf7 35. Kf2 Kf6 36. Ke3 Ke5 37. g3 g5 38. Kf3 h5 39. Re2+ Kf6 40. Rd2 Ke5 41. Re2+ Kf6 42. Rd2 Rb6 43. Ke3 h4 44. gxh4 gxh4 45. Kf4 Re6 46. Rd5 Re4+ 47. Kf3 Kg5 48. Rc5 Rf4+ 49. Ke3 Re4+ 50. Kf3 Kf6 51. Rc8 1-0

[Event "January 9 Late 2024"]
[Site "https://www.chess.com"]
[Date "2024.01.09"]
[Round "11"]
[White "Antunes, Luciano Justi"]
[Black "Lemos, Dawton Almino"]
[Result "0-1"]
[Board "109"]
[TimeControl "180+1"]
[WhiteFideId "2126893"]
[BlackFideId "2146797"]
[WhiteElo "2137"]
[BlackElo "2351"]
[WhiteTeam "BRA"]
[BlackTeam "BRA"]
[WhiteClock "0:00:00"]
[BlackClock "0:00:20"]

1. d4 Nf6 2. Bg5 Ne4 3. Bf4 d5 4. f3 Nf6 5. c4 e6 6. Nc3 Be7 7. e3 c6 8. Bd3 Nbd7 9. Nge2 dxc4 10. Bxc4 b5 11. Bd3 a6 12. O-O c5 13. Kh1 O-O 14. Ne4 Bb7 15. Nd6 Qb6 16. Nxb7 Qxb7 17. e4 cxd4 18. e5 Nd5 19. Qd2 Bb4 20. Qc2 g6 21. Be4 Rfc8 22. Qd3 Bc5 23. a3 Ba7 24. Bg3 Nc5 25. Bxd5 Qxd5 26. Qxd4 Qxd4 27. Nxd4 Nd3 28. Rad1 Nxb2 29. Rd2 Nc4 30. Rd3 Rd8 0-1

[Event "January 9 Late 2024"]
[Site "https://www.chess.com"]
[Date "2024.01.09"]
[Round "11"]
[White "D`Arruda, Ricardo D."]
[Black "Slavin, Alexey"]
[Result "0-1"]
[Board "110"]
[TimeControl "180+1"]
[WhiteFideId "100692"]
[BlackFideId "24104388"]
[WhiteElo "2440"]
[BlackElo "2280"]
[WhiteTeam "ARG"]
[BlackTeam "RUS"]
[WhiteClock "0:01:29"]
[BlackClock "0:02:28"]

1. d4 Nc6 2. d5 Ne5 3. e4 Ng6 4. f4 e5 5. f5 Qh4+ 6. Kd2 Qxe4 7. fxg6 Qxd5+ 8. Ke1 Qxd1+ 9. Kxd1 hxg6 10. Nc3 c6 11. Nf3 f6 12. Bd3 Ne7 13. Ne2 d5 14. Ng3 e4 15. Nxe4 dxe4 16. Bxe4 Bf5 17. Bxf5 Nxf5 18. Bf4 O-O-O+ 19. Ke2 Bc5 20. Rhe1 g5 21. Bg3 Rhe8+ 22. Kf1 Ne3+ 0-1

[Event "January 9 Late 2024"]
[Site "https://www.chess.com"]
[Date "2024.01.09"]
[Round "11"]
[White "Harish, Neeraj"]
[Black "Blanco Diez, David"]
[Result "0-1"]
[Board "111"]
[TimeControl "180+1"]
[WhiteFideId "30958130"]
[BlackFideId "32032927"]
[WhiteElo "2263"]
[BlackElo "2433"]
[WhiteTeam "USA"]
[BlackTeam "ESP"]
[WhiteClock "0:00:57"]
[BlackClock "0:01:11"]

1. e4 g6 2. d4 Bg7 3. Nc3 d5 4. e5 f6 5. f4 Nh6 6. Nf3 Bg4 7. Be2 Nf5 8. O-O O-O 9. h3 Bxf3 10. Bxf3 e6 11. g4 Nh4 12. Bh1 fxe5 13. dxe5 c5 14. Qe1 Nc6 15. Be3 g5 16. Rd1 gxf4 17. Bxf4 Ng6 18. Bg3 Rxf1+ 19. Qxf1 Ncxe5 20. Bxe5 Bxe5 21. Qe2 Qf6 22. Rf1 Bd4+ 23. Kh2 Qe7 24. Nb5 Be5+ 25. Kg1 a6 26. Nc3 Bd4+ 27. Kh2 Qd6+ 28. Kg2 Nf4+ 29. Rxf4 Qxf4 30. Qxe6+ Kh8 31. h4 Rf8 32. Nxd5 Qf1+ 33. Kg3 Qxh1 0-1

[Event "January 9 Late 2024"]
[Site "https://www.chess.com"]
[Date "2024.01.10"]
[Round "11"]
[White "Goncalves, Samuel Jesus P"]
[Black "Vila Dupla, Aurelio"]
[Result "1-0"]
[Board "112"]
[TimeControl "180+1"]
[WhiteFideId "1945130"]
[BlackFideId "2203383"]
[WhiteElo "2392"]
[BlackElo "2168"]
[WhiteTeam "POR"]
[BlackTeam "ESP"]
[WhiteClock "0:00:08"]
[BlackClock "0:00:00"]

1. e4 c5 2. Nf3 d6 3. Bc4 Nc6 4. O-O e6 5. Re1 Be7 6. d3 h6 7. c3 Nf6 8. Bb3 Na5 9. Bc2 e5 10. h3 O-O 11. Nbd2 Be6 12. Nf1 Nc6 13. Ng3 Qd7 14. d4 cxd4 15. cxd4 exd4 16. Nxd4 Nxd4 17. Qxd4 Rfc8 18. Ba4 b5 19. Bb3 Bc4 20. Bf4 Qe6 21. Nf5 Bf8 22. Nxd6 Bxd6 23. Qxd6 Bxb3 24. axb3 Qxb3 25. e5 Rd8 26. Rxa7 Ne8 27. Qe7 Qe6 28. Qxe6 fxe6 29. Rea1 Rab8 30. Re7 Rd4 31. Bg3 Rd2 32. Rxe6 Rxb2 33. Re7 Re2 34. e6 Rc8 35. Raa7 b4 36. Rab7 Rb2 37. Red7 Rb1+ 38. Kh2 b3 39. Be5 Re1 40. Bxg7 Rxe6 41. Bb2 Re2 42. Bd4 Rd2 43. Be3 1-0

[Event "January 9 Late 2024"]
[Site "https://www.chess.com"]
[Date "2024.01.09"]
[Round "11"]
[White "Bueno, Alfeu Junior Varela"]
[Black "Rose, Felix"]
[Result "1-0"]
[Board "113"]
[TimeControl "180+1"]
[WhiteFideId "2108879"]
[BlackFideId "5105722"]
[WhiteElo "2376"]
[BlackElo "2248"]
[WhiteTeam "BRA"]
[BlackTeam "MEX"]
[WhiteClock "0:01:23"]
[BlackClock "0:00:00"]

1. e4 e5 2. Nc3 Nf6 3. f4 d5 4. fxe5 Nxe4 5. Qf3 Nxc3 6. dxc3 Nc6 7. Bf4 Qh4+ 8. g3 Qg4 9. Qxd5 Be6 10. Qf3 O-O-O 11. Qxg4 Bxg4 12. Bh3 Bxh3 13. Nxh3 Bc5 14. Ng5 Rd7 15. Rd1 Re7 16. Rd5 Bb6 17. Kd1 h6 18. Nf3 g5 19. Bd2 g4 20. Nd4 Nxe5 21. Nf5 Re6 22. Nxh6 Nf3 23. Nxf7 Rf8 24. Ng5 1-0

[Event "January 9 Late 2024"]
[Site "https://www.chess.com"]
[Date "2024.01.09"]
[Round "11"]
[White "Varela La Madrid, Maria"]
[Black "Bonin, Jay"]
[Result "0-1"]
[Board "114"]
[TimeControl "180+1"]
[WhiteFideId "3903346"]
[BlackFideId "2000644"]
[WhiteElo "2194"]
[BlackElo "2314"]
[WhiteTeam "VEN"]
[BlackTeam "USA"]
[WhiteClock "0:00:00"]
[BlackClock "0:01:25"]

1. d4 Nf6 2. c4 g6 3. Nc3 Bg7 4. e4 d6 5. Be2 Nc6 6. d5 Ne5 7. f4 Ned7 8. Nf3 c6 9. O-O Qb6+ 10. Kh1 O-O 11. Rb1 a5 12. h3 Nh5 13. Qe1 Bxc3 14. Qxc3 Ng3+ 15. Kh2 Nxe2 16. Qd2 Nxc1 17. Rbxc1 cxd5 18. cxd5 Nf6 19. f5 Nxe4 20. Qh6 Bxf5 21. b3 Rac8 22. Rce1 f6 23. Nh4 Rc2 24. Rxf5 gxf5 25. Nxf5 Rxg2+ 26. Kh1 Qf2 27. Nxe7+ Kf7 28. Qxh7+ Ke8 29. Qh5+ Kd8 0-1

[Event "January 9 Late 2024"]
[Site "https://www.chess.com"]
[Date "2024.01.09"]
[Round "11"]
[White "Romero Ruscalleda, Josep"]
[Black "Curtis, John"]
[Result "1-0"]
[Board "115"]
[TimeControl "180+1"]
[WhiteFideId "2231859"]
[BlackFideId "3200256"]
[WhiteElo "2264"]
[BlackElo "2138"]
[WhiteTeam "ESP"]
[BlackTeam "AUS"]
[WhiteClock "0:00:48"]
[BlackClock "0:00:07"]

1. e4 c5 2. c3 d6 3. d4 cxd4 4. cxd4 Nf6 5. Nc3 g6 6. Nf3 Bg7 7. Bd3 Bg4 8. O-O O-O 9. h3 Bxf3 10. Qxf3 Nfd7 11. e5 Nc6 12. exd6 exd6 13. d5 Nce5 14. Qe2 Nxd3 15. Qxd3 a6 16. Be3 Rc8 17. Rac1 f5 18. Qd2 Ne5 19. b3 b5 20. Ne2 Qe7 21. Nd4 Rxc1 22. Rxc1 Qb7 23. Nc6 Nf7 24. Bd4 Bxd4 25. Qxd4 Re8 26. Qf6 Qd7 27. g3 Ne5 28. Nd4 Nd3 29. Rd1 Re1+ 30. Rxe1 Nxe1 31. Ne6 Nf3+ 32. Kg2 Ne1+ 33. Kf1 1-0

[Event "January 9 Late 2024"]
[Site "https://www.chess.com"]
[Date "2024.01.09"]
[Round "11"]
[White "Ivanov, Aleksandr"]
[Black "Tikhonov, Viacheslav"]
[Result "0-1"]
[Board "116"]
[TimeControl "180+1"]
[WhiteFideId "2092980"]
[BlackFideId "44196407"]
[WhiteElo "2159"]
[BlackElo "2507"]
[WhiteTeam "USA"]
[BlackTeam "RUS"]
[WhiteClock "0:00:14"]
[BlackClock "0:01:49"]

1. d4 Nf6 2. c4 g6 3. Nc3 d5 4. cxd5 Nxd5 5. e4 Nxc3 6. bxc3 Bg7 7. Nf3 c5 8. Be3 O-O 9. Be2 Qa5 10. O-O Qxc3 11. Rc1 Qa3 12. Rxc5 Qxa2 13. Qc2 Qxc2 14. Rxc2 Nc6 15. Rfc1 Bg4 16. d5 Na5 17. h3 Bxf3 18. Bxf3 b6 19. Be2 Nb3 20. Rb1 Nd4 21. Bxd4 Bxd4 22. Rbc1 Bc5 23. Ba6 Rad8 24. Kf1 f5 25. e5 f4 26. Rd1 Kg7 27. Rcd2 f3 28. g3 Rf5 29. Re1 Bb4 0-1

[Event "January 9 Late 2024"]
[Site "https://www.chess.com"]
[Date "2024.01.09"]
[Round "11"]
[White "Mazurkiewicz, Michal"]
[Black "Feliz Dotel, Dewar Bienvenido"]
[Result "1-0"]
[Board "117"]
[TimeControl "180+1"]
[WhiteFideId "1124943"]
[BlackFideId "6402801"]
[WhiteElo "2411"]
[BlackElo "2154"]
[WhiteTeam "POL"]
[BlackTeam "DOM"]
[WhiteClock "0:00:39"]
[BlackClock "0:00:02"]

1. e4 c5 2. Nf3 g6 3. g3 d5 4. exd5 Qxd5 5. Nc3 Qd6 6. Bg2 a6 7. O-O Bg7 8. d3 Nf6 9. Bf4 Qd8 10. Qd2 Nc6 11. Ne5 Nxe5 12. Bxe5 O-O 13. h3 Be6 14. Rfe1 Qd7 15. Kh2 Rac8 16. a4 b5 17. axb5 axb5 18. Ra5 b4 19. Na4 Qd8 20. Rxc5 Rxc5 21. Nxc5 Bd5 22. Qxb4 Bxg2 23. Kxg2 Qd5+ 24. Kg1 Rc8 25. d4 Nh5 26. c4 Qf3 27. Qc3 Qxc3 28. bxc3 f6 29. Bf4 e5 30. Be3 Bf8 31. Rb1 Ng7 32. Nd7 Nf5 33. Rb7 Nxe3 34. Nxf6+ Kh8 35. Rxh7# 1-0

[Event "January 9 Late 2024"]
[Site "https://www.chess.com"]
[Date "2024.01.09"]
[Round "11"]
[White "Stachanczyk, Jacek"]
[Black "Quirke, Jeffrey"]
[Result "1/2-1/2"]
[Board "118"]
[TimeControl "180+1"]
[WhiteFideId "1116657"]
[BlackFideId "2013029"]
[WhiteElo "2375"]
[BlackElo "2147"]
[WhiteTeam "POL"]
[BlackTeam "USA"]
[WhiteClock "0:01:01"]
[BlackClock "0:00:32"]

1. e4 e6 2. d4 d5 3. Nc3 Nf6 4. e5 Nfd7 5. f4 c5 6. Nf3 Nc6 7. Be3 Rb8 8. Qd2 Qa5 9. Ne2 Qxd2+ 10. Kxd2 cxd4 11. Nexd4 Nxd4 12. Nxd4 Nc5 13. Bd3 Bd7 14. b3 Be7 15. a4 a5 16. h4 h5 17. g3 g6 18. Rhb1 O-O 19. c3 Rfc8 20. Bc2 Na6 21. Nb5 b6 22. Bd3 Nc5 23. Bxc5 Bxc5 24. Rf1 Bxb5 25. Bxb5 Rc7 26. Rac1 Rd8 27. Kd3 Be7 28. Rc2 Kg7 29. Rd1 f6 30. exf6+ Bxf6 31. Re1 Kf7 32. Re3 Rc5 33. Ba6 Rd6 34. Bb5 Rd8 35. Ba6 Rd6 36. Bb5 Rd8 1/2-1/2

[Event "January 9 Late 2024"]
[Site "https://www.chess.com"]
[Date "2024.01.10"]
[Round "11"]
[White "Floresvillar Gonzalez, Luis Migu"]
[Black "Sanchez Alvares, Kelvin Antonio"]
[Result "1-0"]
[Board "119"]
[TimeControl "180+1"]
[WhiteFideId "5100542"]
[BlackFideId "3906680"]
[WhiteElo "2138"]
[BlackElo "2324"]
[WhiteTeam "MEX"]
[BlackTeam "VEN"]
[WhiteClock "0:00:03"]
[BlackClock "0:00:10"]

1. d4 d5 2. c3 Nf6 3. Bf4 c5 4. e3 Nc6 5. Bd3 Qb6 6. Qb3 c4 7. Qxb6 axb6 8. Bc2 b5 9. Nd2 Bg4 10. f3 Bh5 11. e4 Bg6 12. Ne2 e6 13. Kf2 Be7 14. a3 O-O 15. Rac1 dxe4 16. Nxe4 Nxe4+ 17. Bxe4 Bh4+ 18. g3 Bxe4 19. fxe4 Bf6 20. Bd6 Rfd8 21. e5 Be7 22. Bxe7 Nxe7 23. Nf4 Nd5 24. Nxd5 exd5 25. Rce1 Ra6 26. Rhf1 Re8 27. Re3 h6 28. Rfe1 Ree6 29. Ke2 Kh7 30. Kd2 Kg6 31. Rf1 Ra8 32. Ref3 Re7 33. Rf5 Ra6 34. h4 f6 35. exf6 Rxf6 36. h5+ Kf7 37. g4 Re4 38. Rxf6+ gxf6 39. Rf5 Ke6 40. Rf2 Rxg4 41. Re2+ Re4 42. Rg2 Rh4 43. Rg7 Rxh5 44. Rxb7 f5 45. Rxb5 Rh2+ 46. Ke3 Rh3+ 47. Kf4 Rh1 48. Rb6+ Kf7 49. Kxf5 h5 50. Rb7+ Kg8 51. Kg6 Kf8 52. Kf6 Ke8 53. Ke6 Kd8 54. Kxd5 h4 55. Rh7 h3 56. Kxc4 h2 57. b4 Ra1 58. Rxh2 Rxa3 59. Rh7 Ra1 60. d5 Rc1 61. Kd4 Rd1+ 62. Kc5 Rc1 63. c4 Kc8 64. b5 Kd8 65. b6 Rb1 66. d6 Kc8 67. Kc6 Kd8 68. Rh8# 1-0

[Event "January 9 Late 2024"]
[Site "https://www.chess.com"]
[Date "2024.01.09"]
[Round "11"]
[White "Skaric, Djuro"]
[Black "Harrington, Steve"]
[Result "1-0"]
[Board "120"]
[TimeControl "180+1"]
[WhiteFideId "934569"]
[BlackFideId "2038730"]
[WhiteElo "2283"]
[BlackElo "2149"]
[WhiteTeam "SRB"]
[BlackTeam "USA"]
[WhiteClock "0:01:38"]
[BlackClock "0:00:06"]

1. g3 d5 2. Bg2 Nc6 3. d3 e5 4. Nf3 Nf6 5. O-O Bd6 6. Nc3 h6 7. e4 dxe4 8. dxe4 Bg4 9. h3 Be6 10. Be3 Qd7 11. Kh2 a6 12. Nd2 g5 13. Nb3 Qe7 14. Nd5 Bxd5 15. exd5 Nb8 16. c4 b6 17. c5 bxc5 18. Rc1 Nbd7 19. Na5 O-O 20. Nc6 Qe8 21. Qc2 Nb6 22. Rcd1 Nbxd5 23. Bxd5 Nxd5 24. Rxd5 Qxc6 25. Rfd1 f5 26. Bxc5 Rf6 27. Qc4 Kg7 28. b3 Raf8 29. a4 R8f7 30. Bxd6 Qxc4 31. bxc4 cxd6 32. Rxd6 Rc7 33. Rxf6 Kxf6 34. Rd6+ Kg7 35. Rxa6 Rxc4 36. Ra8 e4 37. Kg1 Rc2 38. a5 Ra2 39. a6 f4 40. gxf4 gxf4 41. a7 h5 42. h4 Kh7 43. Kf1 e3 44. fxe3 fxe3 45. Ke1 Kg7 46. Kd1 Kf7 47. Rh8 e2+ 48. Ke1 Kf6 49. a8=Q Rxa8 50. Rxa8 Kf5 51. Ra4 1-0

[Event "January 9 Late 2024"]
[Site "https://www.chess.com"]
[Date "2024.01.09"]
[Round "11"]
[White "Rodriguez Dominguez, Melissa"]
[Black "Yushko, Olga"]
[Result "1-0"]
[Board "121"]
[TimeControl "180+1"]
[WhiteFideId "3517560"]
[BlackFideId "14114500"]
[WhiteElo "2239"]
[BlackElo "2122"]
[WhiteTeam "CUB"]
[BlackTeam "UKR"]
[WhiteClock "0:00:06"]
[BlackClock "0:00:00"]

1. e4 e6 2. d4 d5 3. Nd2 Nf6 4. e5 Nfd7 5. f4 c5 6. c3 Nc6 7. a3 Qb6 8. Ngf3 cxd4 9. cxd4 Nxd4 10. Bd3 Nxf3+ 11. Nxf3 Bc5 12. b4 Be3 13. Qe2 Bxc1 14. Rxc1 a5 15. f5 exf5 16. Bxf5 g6 17. e6 gxf5 18. exd7+ Kxd7 19. Ne5+ Kd8 20. Nxf7+ Kd7 21. Nxh8 Qe6 22. Qxe6+ Kxe6 23. Rc7 axb4 24. O-O bxa3 25. Nf7 Bd7 26. Ng5+ Kd6 27. Rxb7 Bc6 28. Rxh7 a2 29. Ra1 d4 30. Rh6+ Kd5 31. Nf3 d3 32. Rh4 Bb5 33. Rd4+ Kc5 34. Rf4 Bc4 35. Rxf5+ Kb4 36. Rf4 Kc3 37. Ne5 1-0

[Event "January 9 Late 2024"]
[Site "https://www.chess.com"]
[Date "2024.01.09"]
[Round "11"]
[White "Celestino, Rafael Teixeira"]
[Black "Dahlgren, James Allen"]
[Result "0-1"]
[Board "122"]
[TimeControl "180+1"]
[WhiteFideId "2108925"]
[BlackFideId "22256873"]
[WhiteElo "2219"]
[BlackElo "2122"]
[WhiteTeam "BRA"]
[BlackTeam "ESP"]
[WhiteClock "0:00:02"]
[BlackClock "0:00:07"]

1. e4 e6 2. d4 c5 3. Nf3 cxd4 4. Nxd4 Nf6 5. Nc3 Bb4 6. Bd3 Nc6 7. Nxc6 bxc6 8. O-O d5 9. Bg5 h6 10. Bxf6 Qxf6 11. exd5 exd5 12. Nxd5 cxd5 13. Bb5+ Kf8 14. Qxd5 Rb8 15. Rad1 Be6 16. Qe4 Be7 17. c4 g6 18. Rd2 Kg7 19. a3 Rhd8 20. Rxd8 Rxd8 21. b4 a5 22. Qc6 axb4 23. axb4 Bxb4 24. Qb6 Qd4 25. Qc7 Bc5 26. h3 h5 27. Qg3 h4 28. Qg5 Rd6 29. Be8 Qe4 30. Qe7 Qxc4 31. Re1 Qd5 32. Qc7 Bd4 33. Ba4 Qc5 34. Qb7 Bxf2+ 35. Kh1 Bxe1 36. Qf3 Qe5 37. Bd1 Bg3 38. Qe2 Qxe2 39. Bxe2 Rd2 40. Bf3 Rf2 41. Kg1 Rb2 42. Bg4 Bc4 43. Be2 Rb1+ 44. Bd1 Rxd1# 0-1

[Event "January 9 Late 2024"]
[Site "https://www.chess.com"]
[Date "2024.01.09"]
[Round "11"]
[White "Gonzalez Vega, Alejandro"]
[Black "Reinecke, Katharina"]
[Result "1/2-1/2"]
[Board "123"]
[TimeControl "180+1"]
[WhiteFideId "3510042"]
[BlackFideId "12929727"]
[WhiteElo "2219"]
[BlackElo "2034"]
[WhiteTeam "CUB"]
[BlackTeam "GER"]
[WhiteClock "0:00:13"]
[BlackClock "0:00:24"]

1. e4 c6 2. d4 d5 3. exd5 cxd5 4. Bd3 Nc6 5. c3 Qc7 6. Ne2 Bg4 7. h3 Bh5 8. O-O e6 9. Re1 Bd6 10. Bg5 Bg6 11. Bh4 Nge7 12. Bg3 O-O 13. Na3 a6 14. Nc2 b5 15. Rc1 Na5 16. Bxg6 hxg6 17. Qd3 Bxg3 18. Nxg3 Nc4 19. b3 Nd6 20. Ne3 Rac8 21. Ng4 Nef5 22. Ne5 Nxg3 23. Qxg3 Ne4 24. Qh4 Nxc3 25. Kh1 Qa5 26. Re3 Ne4 27. Rxc8 Rxc8 28. Nf3 Qxa2 29. Rxe4 dxe4 30. Ng5 Rc1+ 31. Kh2 Kf8 32. Qh8+ Ke7 33. Qxg7 Qxb3 34. Qxf7+ Kd6 35. Qf8+ Kc7 36. Qe7+ Kb6 37. Nxe6 Qd1 38. Qd8+ Ka7 39. Qd7+ Kb6 40. Qd8+ Ka7 41. Qd7+ Kb6 42. Qd8+ 1/2-1/2

[Event "January 9 Late 2024"]
[Site "https://www.chess.com"]
[Date "2024.01.09"]
[Round "11"]
[White "Dias, Joao Batista"]
[Black "Michalski, Olaf"]
[Result "0-1"]
[Board "124"]
[TimeControl "180+1"]
[WhiteFideId "2108240"]
[BlackFideId "1106740"]
[WhiteElo "2066"]
[BlackElo "2156"]
[WhiteTeam "BRA"]
[BlackTeam "POL"]
[WhiteClock "0:01:23"]
[BlackClock "0:00:05"]

1. e4 c5 2. Nf3 a6 3. d4 cxd4 4. Nxd4 Nf6 5. Bd3 e5 6. Ne2 Bc5 7. O-O h6 8. Nbc3 d6 9. h3 b5 10. Nd5 Nxd5 11. exd5 f5 12. c3 O-O 13. Be3 Nd7 14. b4 Bxe3 15. fxe3 Qg5 16. Rf3 e4 17. Rg3 exd3 18. Rxg5 dxe2 19. Rxg7+ Kxg7 20. Qxe2 Ne5 21. e4 f4 22. a4 Bd7 23. axb5 Bxb5 24. Qd2 f3 25. Qd4 f2+ 26. Kh2 f1=Q 27. Rxf1 Rxf1 28. Qb6 Nf7 29. c4 Bxc4 30. Qc6 Rb8 31. Qxc4 Rb1 32. Qxa6 R1xb4 33. Qe2 Ne5 34. Qf2 R8b7 35. Qg3+ Kh7 36. Qf4 Rg7 37. Qf5+ Rg6 38. g4 Rb2+ 39. Kg3 Rb3+ 40. Kf2 Rf3+ 41. Qxf3 Nxf3 42. Kxf3 Rf6+ 43. Ke3 Kg6 44. Kd4 Rf4 45. Ke3 Kg5 46. h4+ Kxg4 47. h5 Rf8 48. e5 dxe5 49. Ke4 Rd8 50. Kxe5 Kxh5 51. Ke6 Kg4 52. d6 h5 53. Ke7 Rxd6 54. Kxd6 h4 55. Ke5 h3 56. Ke4 h2 57. Ke3 h1=Q 58. Kf2 Qh2+ 0-1

[Event "January 9 Late 2024"]
[Site "https://www.chess.com"]
[Date "2024.01.09"]
[Round "11"]
[White "Petersson, Kjell"]
[Black "Panico, Nick"]
[Result "0-1"]
[Board "125"]
[TimeControl "180+1"]
[WhiteFideId "1705148"]
[BlackFideId "2026724"]
[WhiteElo "2144"]
[BlackElo "2054"]
[WhiteTeam "SWE"]
[BlackTeam "USA"]
[WhiteClock "0:00:00"]
[BlackClock "0:00:33"]

1. d4 f5 2. e4 fxe4 3. Nc3 Nf6 4. Bg5 Nc6 5. d5 Ne5 6. Qe2 d6 7. Bxf6 exf6 8. Nxe4 Be7 9. f4 Ng6 10. Qh5 O-O 11. g3 f5 12. Nc3 Bf6 13. Nge2 c6 14. O-O-O c5 15. h3 Qa5 16. Qf3 b5 17. b3 b4 18. Na4 Bd7 19. Kb1 Bxa4 20. bxa4 Qxa4 21. Qb3 Qd7 22. Bg2 a5 23. g4 a4 24. Qc4 fxg4 25. hxg4 Qxg4 26. Bh3 Qf3 27. Be6+ Kh8 28. f5 Nh4 29. Rxh4 Bxh4 30. Qxh4 Rf6 31. Nf4 b3 32. Qh1 Qxf4 0-1

[Event "January 9 Late 2024"]
[Site "https://www.chess.com"]
[Date "2024.01.10"]
[Round "11"]
[White "Awoki, Daniel Teidi"]
[Black "Mena, Martin"]
[Result "1/2-1/2"]
[Board "126"]
[TimeControl "180+1"]
[WhiteFideId "2100827"]
[BlackFideId "10651225"]
[WhiteElo "2405"]
[BlackElo "2092"]
[WhiteTeam "BRA"]
[BlackTeam "EGY"]
[WhiteClock "0:00:03"]
[BlackClock "0:00:01"]

1. d4 d5 2. Nf3 Nf6 3. g3 e6 4. Bg2 Be7 5. O-O O-O 6. c4 dxc4 7. Qc2 a6 8. Qxc4 b5 9. Qc2 Bb7 10. Bd2 Be4 11. Qc1 Bb7 12. Ba5 Nc6 13. b4 Nxa5 14. bxa5 c5 15. dxc5 Rc8 16. Nbd2 Bxc5 17. Qb2 Qxa5 18. Rab1 Qb6 19. e3 Ne4 20. Nc4 Qa7 21. Na5 Bd5 22. Ne5 f6 23. Nd3 Bb6 24. Nb3 a5 25. Nf4 a4 26. Nxd5 exd5 27. Nd2 Nxf2 28. Bxd5+ Kh8 29. Kxf2 Bxe3+ 30. Kg2 Rcd8 31. Qxb5 Qd4 32. Nc4 Rxd5 33. Qb4 Rc5 34. Nxe3 Qxe3 35. Rf2 Rfc8 36. Qxa4 h6 37. Rb3 Qe5 38. Rb7 Qd5+ 39. Kh3 Qxb7 40. g4 Re5 41. Qd4 Qe7 42. Rf4 Re8 43. Kg2 Re3 44. Rf5 Qe5 45. Rxe5 R3xe5 46. Kf3 Kg8 47. a4 Ra5 48. Qc4+ Kh8 49. Qc6 Rea8 50. h4 Rxa4 51. h5 Ra3+ 52. Kf4 R3a4+ 53. Kg3 Ra3+ 54. Kh4 R3a4 55. Qd7 R4a7 56. Qe6 Rb7 57. Qe4 Rab8 58. Qf5 Re7 59. Qg6 Rbe8 60. Qf5 Re5 61. Qg6 Re3 62. Qf5 R8e4 63. Qc8+ Re8 64. Qc2 Kg8 65. Qd2 R3e7 66. Qd3 Kf8 67. Qh7 Rf7 68. Qh8+ Ke7 69. Qh7 Kd8 70. Qd3+ Rd7 71. Qg6 Ree7 72. Qb1 Ke8 73. Qb3 Kf8 74. Qb8+ Kf7 75. Qb5 Kg8 76. Qf5 Rd6 77. Qg6 Rde6 78. Qc2 Re8 79. Qc4 Kh8 80. Qb3 Re3 81. Qf7 Re1 82. Kg3 R8e3+ 83. Kf4 Re4+ 84. Kf3 R1e3+ 85. Kf2 Re2+ 86. Kf1 Re1+ 87. Kf2 R1e2+ 88. Kg3 Re7 89. Qf8+ Kh7 90. Qa8 R2e3+ 91. Kh4 Re1 92. Qf3 R7e3 93. Qf5+ Kh8 94. Qc8+ Re8 95. Qf5 R1e5 96. Qg6 R8e7 97. Kg3 Re3+ 98. Kf2 Re2+ 99. Kf3 R7e3+ 100. Kf4 Re4+ 101. Kg3 1/2-1/2

[Event "January 9 Late 2024"]
[Site "https://www.chess.com"]
[Date "2024.01.09"]
[Round "11"]
[White "Guzman Lozano, Campo Elias"]
[Black "Vargas, Mauricio"]
[Result "1-0"]
[Board "127"]
[TimeControl "180+1"]
[WhiteFideId "4403746"]
[BlackFideId "4404572"]
[WhiteElo "2153"]
[BlackElo "1859"]
[WhiteTeam "COL"]
[BlackTeam "COL"]
[WhiteClock "0:00:23"]
[BlackClock "0:00:00"]

1. e4 c5 2. c3 g6 3. d4 cxd4 4. cxd4 Bg7 5. Nc3 d6 6. f3 Nc6 7. Bb5 Bd7 8. Nge2 a6 9. Ba4 b5 10. Bb3 e6 11. O-O Qb6 12. Be3 Nge7 13. Qd2 Qb7 14. Rac1 Rc8 15. Kh1 O-O 16. a3 Na5 17. Qd1 Nxb3 18. Qxb3 h6 19. Rc2 Kh7 20. Rfc1 Nc6 21. Qa2 Na5 22. b3 Nc6 23. Nd1 f5 24. d5 Ne5 25. Rxc8 Rxc8 26. Rxc8 Bxc8 27. dxe6 Bxe6 28. Nd4 Bf7 29. exf5 gxf5 30. Nxf5 Nxf3 31. Qf2 Ne5 32. Nxd6 Qd5 33. Nxf7 Qxd1+ 34. Qg1 Qd5 35. Nxe5 Bxe5 36. Qb1+ Kg7 37. Kg1 Qd3 38. Qxd3 1-0

[Event "January 9 Late 2024"]
[Site "https://www.chess.com"]
[Date "2024.01.09"]
[Round "11"]
[White "Smirnov, Timofey"]
[Black "Oliveira, Tiago Batista"]
[Result "0-1"]
[Board "128"]
[TimeControl "180+1"]
[WhiteFideId "24176427"]
[BlackFideId "2108291"]
[WhiteElo "1993"]
[BlackElo "2027"]
[WhiteTeam "RUS"]
[BlackTeam "BRA"]
[WhiteClock "0:00:00"]
[BlackClock "0:00:09"]

1. e4 c5 2. c3 d5 3. exd5 Nf6 4. Bc4 Nxd5 5. Nf3 e6 6. O-O Be7 7. d4 O-O 8. Re1 Nc6 9. Be3 Nxe3 10. Rxe3 cxd4 11. Nxd4 Nxd4 12. cxd4 Bf6 13. Rd3 Qc7 14. Bb3 Rd8 15. Nc3 Bd7 16. Rc1 Rac8 17. Ne2 Qb8 18. Rdc3 Bc6 19. Rd3 Bb5 20. Rxc8 Qxc8 21. Rd2 Bxe2 22. Qxe2 Bxd4 23. g3 Bb6 24. Rc2 Qd7 25. a3 h6 26. Rc1 Qd2 27. Qxd2 Rxd2 28. Rc8+ Kh7 29. Bc2+ g6 30. b3 Rxf2 31. Kh1 Kg7 32. a4 h5 33. Rc4 e5 34. Be4 Rb2 35. Rc3 Bd4 36. Rd3 b6 37. Bc6 f5 38. Bd5 Kf6 39. Rd1 Kg5 40. Rc1 e4 41. Bf7 Bc5 42. Rd1 e3 43. Re1 e2 44. Kg2 f4 45. h4+ Kf6 0-1